[ AOE2 MATCH · #480243579 ]
Team RMTurks vs Byzantines
[ REPLAY ANALYSIS · EXTRACTED FROM THE RECORDED GAME ]
Feudal
11:04
Castle
15:13
Imperial
—
| APM avg | 15.8 |
| APM peak | 36 |
| eAPM avg | 8.9 |
| Villagers / military | 35 / 7 |
Focus
⚔️ 10.9% · 🌾 89.1%
Janissary ×4 · Mangonel ×3
Feudal
11:22
Castle
15:15
Imperial
29:03
| APM avg | 22.0 |
| APM peak | 43 |
| eAPM avg | 16.3 |
| Villagers / military | 136 / 16 |
Focus
⚔️ 17.6% · 🌾 82.4%
Mangudai ×10 · Monk ×3 · Battering Ram ×3
Feudal
10:56
Castle
16:31
Imperial
21:40
| APM avg | 39.5 |
| APM peak | 95 |
| eAPM avg | 14.9 |
| Villagers / military | 57 / 24 |
Focus
⚔️ 21.7% · 🌾 78.3%
Cataphract ×19 · Trebuchet (Packed) ×5
Feudal
12:42
Castle
16:24
Imperial
—
| APM avg | 24.0 |
| APM peak | 126 |
| eAPM avg | 15.7 |
| Villagers / military | 52 / 13 |
Focus
⚔️ 34.5% · 🌾 65.5%
Petard ×13
Feudal
11:11
Castle
15:49
Imperial
—
| APM avg | 25.5 |
| APM peak | 57 |
| eAPM avg | 16.4 |
| Villagers / military | 144 / 20 |
Focus
⚔️ 6.6% · 🌾 93.4%
Knight ×20
Feudal
11:23
Castle
14:57
Imperial
—
| APM avg | 18.4 |
| APM peak | 42 |
| eAPM avg | 13.2 |
| Villagers / military | 107 / 29 |
Focus
⚔️ 13.8% · 🌾 86.2%
Knight ×22 · Battering Ram ×7
Feudal
10:32
Castle
16:57
Imperial
28:54
| APM avg | 31.2 |
| APM peak | 86 |
| eAPM avg | 23.4 |
| Villagers / military | 127 / 6 |
Focus
⚔️ 12.9% · 🌾 87.1%
War Elephant ×5 · Monk ×1
Feudal
11:09
Castle
15:02
Imperial
—
| APM avg | 28.6 |
| APM peak | 63 |
| eAPM avg | 13.4 |
| Villagers / military | 51 / 31 |
Focus
⚔️ 25.3% · 🌾 74.7%
Janissary ×31
Match map
Initial resources + every placement click. Lines = walls · curves = elevation contours. ◆ gold · ⬟ stone · ● berries · ✦ relic · ◌ wall gap
Your base· ✓ Closed at 15:13 · 0t walls · 2 gate(s)
WtfPablo's base· ✓ Closed at 15:15 · 0t walls · 3 gate(s)
DaniwA's base· ✓ Closed at 16:31 · 0t walls · 2 gate(s)
YOGRANNYCANTSCRAP's base· ✓ Closed at 16:24 · 15t walls · 4 gate(s)
Simple Mike, u jelly?'s base· ✓ Closed at 15:49 · 0t walls · 3 gate(s)
Simple Jack, u mad?'s base· ✓ Closed at 14:57 · 0t walls · 3 gate(s)
Zaissi's base· ✓ Closed at 16:57 · 0t walls · 2 gate(s)
adrenalin2057's base· ✓ Closed at 15:02 · 0t walls · 2 gate(s)
Smoothed initial terrain · ◌ = detected wall gap · hover for details
Inputs per minute
— PZ|ReDw1nG - - WtfPablo
Build order — PZ|ReDw1nG
90 actions detected in the replay
| 0:01 | Create | Villager (Male) |
| 0:02 | Create | Villager (Male) |
| 0:03 | Build | House |
| 0:05 | Build | House |
| 0:29 | Create | Villager (Male) |
| 0:29 | Create | Villager (Male) |
| 1:34 | Create | Villager (Male) |
| 1:51 | Build | Lumber Camp |
| 2:04 | Create | Villager (Male) |
| 2:38 | Create | Villager (Male) |
| 2:56 | Create | Villager (Male) |
| 3:14 | Create | Villager (Male) |
| 3:54 | Create | Villager (Male) |
| 3:58 | Build | House |
| 4:07 | Create | Villager (Male) |
| 4:41 | Create | Villager (Male) |
| 4:57 | Build | Mill |
| 5:00 | Create | Villager (Male) |
| 5:14 | Build | House |
| 5:32 | Create | Villager (Male) |
| 5:54 | Create | Villager (Male) |
| 6:10 | Create | Villager (Male) |
| 6:43 | Create | Villager (Male) |
| 7:12 | Create | Villager (Male) |
| 7:13 | Create | Villager (Male) |
| 7:39 | Build | Mining Camp |
| 7:41 | Create | Villager (Male) |
| 7:43 | Create | Villager (Male) |
| 7:48 | Build | Mill |
| 8:46 | Research | Feudal Age |
| 10:06 | Build | House |
| 10:33 | Build | Farm |
| 11:04 | Age | Feudal Age |
| 11:06 | Build | Farm |
| 11:09 | Create | Villager (Male) |
| 11:09 | Create | Villager (Male) |
| 11:10 | Research | Loom |
| 11:22 | Build | Farm |
| 11:30 | Build | Blacksmith |
| 12:00 | Build | Market |
| 12:34 | Research | Castle Age |
| 12:43 | Build | Mining Camp |
| 13:23 | Research | Double-Bit Axe |
| 13:45 | Research | Horse Collar |
| 14:53 | Research | Gold Mining |
| 15:08 | Create | Villager (Male) |
| 15:13 | Age | Castle Age |
| 15:44 | Build | Farm |
| 15:47 | Create | Villager (Male) |
| 16:52 | Create | Villager (Male) |
| 16:53 | Create | Villager (Male) |
| 17:14 | Build | Castle |
| 17:19 | Create | Villager (Male) |
| 17:27 | Build | Farm |
| 17:28 | Build | Farm |
| 17:38 | Build | Lumber Camp |
| 17:55 | Create | Villager (Male) |
| 18:37 | Build | Farm |
| 18:38 | Build | Farm |
| 18:40 | Build | Farm |
| 18:41 | Build | Farm |
| 18:44 | Build | Farm |
| 18:47 | Build | Farm |
| 18:50 | Research | Heavy Plow |
| 18:57 | Create | Villager (Male) |
| 19:19 | Build | Stone Wall |
| 19:36 | Build | Stone Wall |
| 19:55 | Create | Villager (Male) |
| 20:00 | Research | Bow Saw |
| 20:04 | Create | Janissary |
| 20:24 | Build | Siege Workshop |
| 20:33 | Create | Janissary |
| 20:37 | Create | Villager (Male) |
| 20:42 | Create | Mangonel |
| 21:03 | Create | Janissary |
| 21:07 | Create | Villager (Male) |
| 21:55 | Create | Janissary |
| 22:40 | Build | House |
| 22:42 | Build | House |
| 22:44 | Build | House |
| 23:00 | Create | Mangonel |
| 24:28 | Build | Farm |
| 24:31 | Create | Villager (Male) |
| 24:31 | Create | Villager (Male) |
| 24:45 | Build | House |
| 25:55 | Build | Stone Wall |
| 26:03 | Build | Stone Wall |
| 26:58 | Build | Farm |
| 27:25 | Create | Mangonel |
| 27:39 | Build | House |
Build order — WtfPablo
First 150 of 258 actions detected
| 0:01 | Create | Villager (Male) |
| 0:02 | Create | Villager (Male) |
| 0:02 | Build | House |
| 0:03 | Build | House |
| 0:16 | Create | Villager (Male) |
| 0:16 | Create | Villager (Male) |
| 0:17 | Create | Villager (Male) |
| 1:35 | Create | Villager (Male) |
| 2:06 | Create | Villager (Male) |
| 2:07 | Create | Villager (Male) |
| 2:07 | Create | Villager (Male) |
| 2:37 | Build | Lumber Camp |
| 2:49 | Create | Villager (Male) |
| 2:49 | Create | Villager (Male) |
| 2:49 | Create | Villager (Male) |
| 3:11 | Create | Villager (Male) |
| 3:11 | Create | Villager (Male) |
| 3:11 | Create | Villager (Male) |
| 3:11 | Create | Villager (Male) |
| 3:25 | Build | House |
| 3:27 | Build | House |
| 3:34 | Create | Villager (Male) |
| 3:34 | Create | Villager (Male) |
| 3:35 | Create | Villager (Male) |
| 4:58 | Create | Villager (Male) |
| 4:59 | Create | Villager (Male) |
| 4:59 | Create | Villager (Male) |
| 5:09 | Build | Mill |
| 5:19 | Create | Villager (Male) |
| 5:19 | Create | Villager (Male) |
| 5:19 | Create | Villager (Male) |
| 5:20 | Create | Villager (Male) |
| 5:39 | Create | Villager (Male) ×5 |
| 5:40 | Create | Villager (Male) ×2 |
| 6:04 | Create | Villager (Male) |
| 6:04 | Create | Villager (Male) |
| 7:12 | Build | House |
| 7:15 | Build | Mining Camp |
| 9:02 | Research | Feudal Age |
| 9:56 | Build | Lumber Camp |
| 10:22 | Create | Villager (Male) |
| 10:23 | Create | Villager (Male) |
| 11:22 | Age | Feudal Age |
| 11:24 | Build | Market |
| 11:25 | Build | Blacksmith |
| 12:35 | Research | Castle Age |
| 12:36 | Research | Castle Age |
| 12:36 | Research | Castle Age |
| 12:52 | Research | Horse Collar |
| 12:56 | Research | Double-Bit Axe |
| 13:32 | Build | Farm |
| 13:33 | Build | Farm |
| 13:34 | Build | Farm |
| 13:43 | Research | Horse Collar |
| 13:44 | Research | Horse Collar |
| 14:31 | Build | Farm |
| 14:31 | Build | Farm |
| 14:31 | Build | Farm |
| 14:32 | Build | Farm |
| 14:32 | Build | Farm |
| 14:43 | Build | House |
| 14:50 | Build | House |
| 14:52 | Build | House |
| 14:52 | Build | House |
| 14:53 | Build | House |
| 15:07 | Create | Villager (Male) |
| 15:07 | Create | Villager (Male) |
| 15:15 | Age | Castle Age |
| 15:18 | Build | Town Center |
| 15:23 | Build | Monastery |
| 15:28 | Build | Town Center |
| 15:42 | Research | Bow Saw |
| 15:42 | Research | Bow Saw |
| 15:49 | Build | Farm |
| 15:50 | Build | Farm |
| 15:53 | Build | Farm |
| 15:58 | Create | Villager (Male) |
| 16:05 | Create | Monk |
| 16:13 | Create | Villager (Male) |
| 16:24 | Create | Villager (Male) |
| 16:30 | Build | Farm |
| 16:36 | Create | Villager (Male) |
| 16:36 | Create | Villager (Male) |
| 16:39 | Build | Farm |
| 16:48 | Create | Villager (Male) |
| 16:54 | Build | Farm |
| 17:07 | Build | Farm |
| 17:08 | Create | Villager (Male) |
| 17:08 | Create | Villager (Male) |
| 17:11 | Create | Villager (Male) |
| 17:12 | Create | Villager (Male) |
| 17:24 | Create | Villager (Male) |
| 17:25 | Create | Villager (Male) |
| 17:28 | Build | Farm |
| 17:32 | Build | Farm |
| 17:40 | Build | House |
| 17:40 | Build | House |
| 17:45 | Create | Villager (Male) |
| 17:46 | Create | Villager (Male) |
| 17:46 | Create | Villager (Male) |
| 17:50 | Build | Farm |
| 17:53 | Build | Farm |
| 17:53 | Build | Farm |
| 17:53 | Build | Farm |
| 17:59 | Create | Monk |
| 18:10 | Build | Farm |
| 18:15 | Build | Farm |
| 18:16 | Create | Villager (Male) ×3 |
| 18:21 | Build | Farm |
| 18:32 | Build | Farm |
| 18:34 | Create | Villager (Male) |
| 18:35 | Create | Villager (Male) |
| 18:42 | Create | Villager (Male) |
| 18:42 | Create | Villager (Male) |
| 18:49 | Build | Farm |
| 18:49 | Create | Villager (Male) |
| 18:50 | Create | Villager (Male) |
| 18:53 | Build | Farm |
| 18:57 | Create | Villager (Male) |
| 18:58 | Create | Villager (Male) |
| 19:02 | Build | Farm |
| 19:03 | Create | Villager (Male) |
| 19:03 | Create | Villager (Male) |
| 19:07 | Build | House |
| 19:09 | Build | House |
| 19:10 | Build | House |
| 19:10 | Build | House |
| 19:12 | Create | Villager (Male) |
| 19:18 | Create | Villager (Male) |
| 19:19 | Create | Villager (Male) |
| 19:21 | Build | Farm |
| 19:24 | Create | Villager (Male) |
| 19:25 | Create | Villager (Male) |
| 19:27 | Build | Farm |
| 19:29 | Create | Villager (Male) |
| 19:33 | Build | Farm |
| 19:36 | Create | Villager (Male) |
| 19:37 | Create | Villager (Male) |
| 19:41 | Build | Farm |
| 19:42 | Create | Villager (Male) |
| 19:50 | Build | Farm |
| 19:57 | Build | Farm |
| 20:05 | Build | Farm |
| 20:13 | Create | Villager (Male) |
| 20:13 | Create | Villager (Male) |
| 20:13 | Create | Villager (Male) |
| 20:20 | Research | Heavy Plow |
| 20:28 | Create | Monk |
| 20:33 | Build | House |
| 20:35 | Create | Villager (Male) ×3 |
Build order — DaniwA
142 actions detected in the replay
| 0:00 | Create | Villager (Male) |
| 0:00 | Create | Villager (Male) |
| 0:02 | Build | House |
| 0:03 | Build | House |
| 0:10 | Create | Villager (Male) |
| 0:10 | Create | Villager (Male) |
| 0:10 | Create | Villager (Male) |
| 1:25 | Create | Villager (Male) |
| 1:26 | Create | Villager (Male) |
| 1:49 | Build | Lumber Camp |
| 2:01 | Create | Villager (Male) |
| 2:02 | Create | Villager (Male) |
| 2:19 | Create | Villager (Male) |
| 2:49 | Create | Villager (Male) |
| 3:10 | Create | Villager (Male) |
| 3:29 | Create | Villager (Male) |
| 3:53 | Build | House |
| 3:53 | Build | House |
| 4:02 | Create | Villager (Male) |
| 4:14 | Build | Mill |
| 4:25 | Create | Villager (Male) |
| 4:46 | Create | Villager (Male) |
| 5:07 | Create | Villager (Male) |
| 5:32 | Build | Mill |
| 5:40 | Create | Villager (Male) |
| 5:52 | Create | Villager (Male) |
| 6:35 | Create | Villager (Male) |
| 6:47 | Build | Lumber Camp |
| 6:50 | Create | Villager (Male) |
| 7:20 | Create | Villager (Male) |
| 7:41 | Build | Farm |
| 7:42 | Build | Farm |
| 7:45 | Create | Villager (Male) |
| 7:59 | Build | House |
| 8:17 | Create | Villager (Male) |
| 8:41 | Build | Mining Camp |
| 8:45 | Research | Feudal Age |
| 9:33 | Build | Farm |
| 9:34 | Build | Farm |
| 9:37 | Create | Villager (Male) |
| 9:58 | Build | House |
| 10:56 | Age | Feudal Age |
| 10:58 | Build | Mining Camp |
| 11:13 | Create | Villager (Male) |
| 11:18 | Build | Farm |
| 11:19 | Build | Farm |
| 11:38 | Create | Villager (Male) |
| 11:54 | Build | Market |
| 12:00 | Create | Villager (Male) |
| 12:29 | Create | Villager (Male) |
| 12:38 | Build | Blacksmith |
| 12:59 | Create | Villager (Male) |
| 13:08 | Research | Loom |
| 13:23 | Research | Castle Age |
| 13:33 | Build | House |
| 13:34 | Build | House |
| 14:34 | Research | Horse Collar |
| 14:34 | Research | Double-Bit Axe |
| 16:05 | Create | Villager (Male) |
| 16:31 | Age | Castle Age |
| 17:30 | Build | Castle |
| 17:44 | Build | Gate |
| 17:49 | Build | Stone Wall |
| 17:52 | Create | Villager (Male) |
| 18:27 | Build | Mining Camp |
| 18:30 | Research | Imperial Age |
| 18:34 | Build | Farm |
| 18:34 | Build | Farm |
| 18:34 | Build | Farm |
| 18:35 | Build | Farm |
| 18:35 | Build | Farm |
| 18:42 | Build | Stone Wall |
| 18:58 | Build | Gate |
| 19:00 | Research | Fletching |
| 19:01 | Research | Fletching |
| 19:06 | Build | House |
| 19:22 | Create | Villager (Male) |
| 19:27 | Create | Cataphract |
| 19:32 | Create | Villager (Male) |
| 19:39 | Build | Stone Wall |
| 19:50 | Build | Farm |
| 19:52 | Create | Villager (Male) |
| 20:04 | Create | Cataphract |
| 20:17 | Create | Villager (Male) |
| 20:20 | Create | Cataphract |
| 20:32 | Build | Farm |
| 20:45 | Build | Mining Camp |
| 20:55 | Create | Cataphract |
| 21:12 | Research | Scale Barding Armor |
| 21:40 | Age | Imperial Age |
| 21:40 | Create | Trebuchet (Packed) |
| 21:40 | Create | Trebuchet (Packed) |
| 21:53 | Research | Forging |
| 21:59 | Create | Villager (Male) |
| 22:12 | Create | Villager (Male) |
| 22:17 | Create | Trebuchet (Packed) |
| 22:45 | Create | Villager (Male) |
| 22:47 | Create | Cataphract |
| 23:18 | Create | Villager (Male) |
| 23:32 | Create | Villager (Male) |
| 23:37 | Create | Cataphract |
| 23:45 | Create | Trebuchet (Packed) |
| 23:46 | Create | Trebuchet (Packed) |
| 23:53 | Create | Villager (Male) |
| 23:55 | Build | Farm |
| 24:20 | Create | Cataphract |
| 24:29 | Create | Villager (Male) |
| 24:56 | Create | Villager (Male) |
| 24:57 | Create | Cataphract |
| 24:58 | Create | Cataphract |
| 25:22 | Research | Chain Barding Armor |
| 25:24 | Create | Villager (Male) |
| 25:28 | Build | Farm |
| 25:47 | Create | Cataphract |
| 25:47 | Create | Cataphract |
| 26:09 | Create | Villager (Male) |
| 26:17 | Create | Villager (Male) |
| 26:55 | Create | Villager (Male) |
| 26:57 | Create | Cataphract |
| 26:57 | Create | Cataphract |
| 27:03 | Create | Villager (Male) |
| 27:05 | Build | Farm |
| 27:06 | Build | Farm |
| 27:33 | Create | Villager (Male) |
| 27:35 | Build | Farm |
| 27:55 | Build | Castle |
| 28:04 | Create | Cataphract |
| 28:07 | Create | Villager (Male) |
| 28:21 | Create | Cataphract |
| 28:36 | Create | Villager (Male) |
| 28:52 | Build | Castle |
| 28:54 | Build | Mining Camp |
| 28:57 | Create | Cataphract |
| 29:08 | Create | Villager (Male) |
| 29:11 | Create | Cataphract |
| 29:11 | Create | Cataphract |
| 29:29 | Create | Cataphract |
| 29:32 | Create | Villager (Male) |
| 29:32 | Create | Villager (Male) |
| 29:56 | Create | Villager (Male) |
| 30:03 | Build | Mining Camp |
| 30:14 | Create | Villager (Male) |
Build order — YOGRANNYCANTSCRAP
140 actions detected in the replay
| 0:01 | Create | Villager (Male) |
| 0:01 | Create | Villager (Male) |
| 0:02 | Create | Villager (Male) |
| 0:02 | Create | Villager (Male) |
| 0:03 | Build | House |
| 0:04 | Build | House |
| 1:29 | Create | Villager (Male) |
| 2:01 | Create | Villager (Male) |
| 2:09 | Build | Palisade Gate |
| 2:13 | Build | Palisade Wall |
| 2:17 | Build | Lumber Camp |
| 2:18 | Create | Villager (Male) |
| 2:24 | Build | Palisade Wall |
| 2:31 | Build | Palisade Wall |
| 2:36 | Build | Palisade Wall |
| 2:38 | Build | Palisade Wall |
| 2:43 | Build | Palisade Wall |
| 2:55 | Create | Villager (Male) |
| 3:22 | Build | Palisade Wall |
| 3:25 | Create | Villager (Male) |
| 3:39 | Build | Palisade Wall |
| 3:44 | Build | Palisade Wall |
| 3:47 | Build | Palisade Wall |
| 3:51 | Build | Palisade Wall |
| 3:59 | Build | Palisade Wall |
| 4:04 | Build | Palisade Wall |
| 4:05 | Create | Villager (Male) |
| 4:07 | Build | Palisade Wall |
| 4:09 | Build | Palisade Wall |
| 4:34 | Create | Villager (Male) |
| 4:35 | Create | Villager (Male) |
| 4:54 | Create | Villager (Male) |
| 4:59 | Build | House |
| 5:03 | Research | Loom |
| 5:19 | Create | Villager (Male) |
| 5:27 | Create | Villager (Male) |
| 5:35 | Create | Villager (Male) |
| 5:44 | Create | Villager (Male) |
| 5:56 | Create | Villager (Male) |
| 6:27 | Build | House |
| 6:45 | Create | Villager (Male) |
| 7:18 | Create | Villager (Male) |
| 8:03 | Build | Mill |
| 8:05 | Create | Villager (Male) |
| 8:17 | Build | House |
| 8:21 | Create | Villager (Male) |
| 8:41 | Create | Villager (Male) |
| 8:53 | Create | Villager (Male) |
| 9:20 | Build | Mining Camp |
| 9:26 | Create | Villager (Male) |
| 9:34 | Create | Villager (Male) |
| 10:04 | Create | Villager (Male) |
| 11:24 | Research | Feudal Age |
| 11:42 | Build | Farm |
| 11:45 | Build | Farm |
| 11:52 | Build | Farm |
| 11:57 | Build | Farm |
| 12:03 | Build | Farm |
| 12:06 | Build | Farm |
| 12:09 | Build | Farm |
| 12:12 | Build | Farm |
| 12:29 | Build | House |
| 12:42 | Age | Feudal Age |
| 12:43 | Create | Villager (Male) |
| 12:43 | Create | Villager (Male) |
| 12:45 | Create | Villager (Male) |
| 12:48 | Research | Double-Bit Axe |
| 13:21 | Build | Blacksmith |
| 13:26 | Create | Villager (Male) |
| 14:01 | Build | Market |
| 14:22 | Create | Villager (Male) |
| 14:26 | Build | Farm |
| 14:47 | Research | Castle Age |
| 14:50 | Build | Mining Camp |
| 15:25 | Research | Stone Mining |
| 16:21 | Research | Wheelbarrow |
| 16:24 | Age | Castle Age |
| 16:34 | Create | Villager (Male) |
| 17:16 | Build | Castle |
| 17:23 | Build | Farm |
| 17:25 | Build | Farm |
| 17:28 | Build | Farm |
| 17:31 | Build | Farm |
| 17:32 | Create | Villager (Male) |
| 17:45 | Research | Horse Collar |
| 18:09 | Research | Town Watch |
| 18:15 | Build | Lumber Camp |
| 18:18 | Research | Bow Saw |
| 18:32 | Build | Mining Camp |
| 18:37 | Create | Villager (Male) |
| 18:47 | Create | Villager (Male) |
| 18:59 | Build | Farm |
| 19:16 | Create | Petard |
| 19:20 | Create | Petard |
| 19:24 | Create | Villager (Male) |
| 19:27 | Build | Farm |
| 19:43 | Create | Petard |
| 19:48 | Build | Farm |
| 19:50 | Create | Villager (Male) |
| 20:03 | Create | Petard |
| 20:17 | Create | Villager (Male) |
| 20:22 | Build | University |
| 20:34 | Create | Petard |
| 20:35 | Create | Villager (Male) |
| 20:44 | Create | Villager (Male) |
| 20:47 | Build | Farm |
| 21:13 | Create | Villager (Male) |
| 21:15 | Create | Petard |
| 21:37 | Research | Fletching |
| 21:37 | Research | Fletching |
| 21:43 | Create | Villager (Male) |
| 21:55 | Create | Petard |
| 22:03 | Create | Villager (Male) |
| 22:08 | Research | Ballistics |
| 22:17 | Build | Farm |
| 22:20 | Build | Farm |
| 22:21 | Create | Villager (Male) |
| 22:27 | Create | Petard |
| 22:31 | Create | Villager (Male) |
| 22:51 | Create | Villager (Male) |
| 23:05 | Create | Petard |
| 23:08 | Build | Farm |
| 23:09 | Build | Farm |
| 23:13 | Build | Farm |
| 23:16 | Create | Villager (Male) |
| 23:37 | Build | House |
| 23:40 | Build | House |
| 23:44 | Create | Petard |
| 24:03 | Create | Petard |
| 24:04 | Create | Villager (Male) |
| 24:31 | Create | Petard |
| 24:33 | Create | Villager (Male) |
| 24:41 | Research | Masonry |
| 24:50 | Create | Villager (Male) |
| 25:07 | Research | Treadmill Crane |
| 25:14 | Create | Petard |
| 25:19 | Create | Villager (Male) |
| 25:23 | Build | Farm |
| 25:23 | Build | Farm |
| 25:23 | Build | Farm |
Build order — Simple Mike, u jelly?
First 150 of 219 actions detected
| 0:02 | Build | House |
| 0:03 | Create | Villager (Male) ×4 |
| 0:04 | Create | Villager (Male) ×4 |
| 0:05 | Build | House |
| 1:35 | Create | Villager (Male) |
| 1:35 | Create | Villager (Male) |
| 1:52 | Build | Lumber Camp |
| 2:09 | Create | Villager (Male) |
| 2:23 | Create | Villager (Male) |
| 2:23 | Create | Villager (Male) |
| 2:59 | Create | Villager (Male) |
| 3:02 | Build | House |
| 3:03 | Build | House |
| 3:15 | Create | Villager (Male) |
| 3:45 | Create | Villager (Male) |
| 3:46 | Create | Villager (Male) |
| 3:54 | Create | Villager (Male) |
| 4:27 | Create | Villager (Male) |
| 4:58 | Create | Villager (Male) |
| 5:18 | Create | Villager (Male) |
| 6:06 | Create | Villager (Male) ×2 |
| 6:20 | Create | Villager (Male) ×2 |
| 6:30 | Create | Villager (Male) ×2 |
| 6:38 | Build | Mining Camp |
| 7:09 | Build | Mill |
| 7:15 | Create | Villager (Male) |
| 7:54 | Build | Mining Camp |
| 8:22 | Build | Farm |
| 8:24 | Research | Feudal Age |
| 8:46 | Build | Farm |
| 8:52 | Build | Farm |
| 9:19 | Build | Farm |
| 11:11 | Age | Feudal Age |
| 11:14 | Build | Market |
| 11:17 | Build | Blacksmith |
| 11:25 | Research | Double-Bit Axe |
| 11:48 | Build | Farm |
| 13:09 | Research | Castle Age |
| 13:19 | Build | Farm |
| 13:20 | Build | Farm |
| 13:20 | Build | Farm |
| 13:45 | Build | House |
| 13:46 | Build | House |
| 13:47 | Build | House |
| 15:20 | Build | House |
| 15:20 | Build | House |
| 15:49 | Age | Castle Age |
| 15:53 | Build | Town Center |
| 15:58 | Build | Town Center |
| 16:01 | Research | Bow Saw |
| 16:30 | Build | House |
| 16:31 | Build | House |
| 16:32 | Build | House |
| 17:35 | Create | Villager (Male) ×5 |
| 17:35 | Create | Villager (Male) ×5 |
| 17:39 | Build | Farm |
| 17:40 | Build | Farm |
| 17:43 | Build | Farm |
| 17:46 | Create | Villager (Male) ×3 |
| 18:16 | Create | Villager (Male) ×2 |
| 18:35 | Build | House |
| 18:37 | Build | House |
| 18:38 | Build | House |
| 18:46 | Build | Farm |
| 18:47 | Build | Farm |
| 18:48 | Build | Farm |
| 19:15 | Create | Villager (Male) ×4 |
| 19:33 | Build | House |
| 19:34 | Build | House |
| 19:35 | Build | House |
| 19:41 | Create | Villager (Male) ×2 |
| 20:13 | Create | Villager (Male) ×3 |
| 20:29 | Build | Town Center |
| 20:32 | Create | Villager (Male) |
| 20:45 | Create | Villager (Male) |
| 20:52 | Build | Farm |
| 20:53 | Build | Farm |
| 20:54 | Build | Farm |
| 20:54 | Build | Farm |
| 20:55 | Build | Farm |
| 20:59 | Create | Villager (Male) |
| 21:08 | Build | House |
| 21:09 | Build | House |
| 21:12 | Create | Villager (Male) |
| 21:18 | Create | Villager (Male) |
| 21:23 | Build | Farm |
| 21:26 | Create | Villager (Male) |
| 21:34 | Build | Farm |
| 21:35 | Build | Farm |
| 21:39 | Create | Villager (Male) |
| 21:48 | Create | Villager (Male) |
| 21:55 | Build | Farm |
| 21:59 | Build | Farm |
| 22:01 | Create | Villager (Male) |
| 22:02 | Create | Villager (Male) |
| 22:05 | Build | Farm |
| 22:09 | Build | Farm |
| 22:11 | Create | Villager (Male) |
| 22:11 | Create | Villager (Male) |
| 22:17 | Build | Farm |
| 22:18 | Create | Villager (Male) |
| 22:21 | Build | House |
| 22:22 | Build | House |
| 22:23 | Create | Villager (Male) |
| 22:28 | Build | Farm |
| 22:30 | Create | Villager (Male) |
| 22:30 | Create | Villager (Male) |
| 22:36 | Build | Farm |
| 22:39 | Build | Farm |
| 22:40 | Build | Farm |
| 22:42 | Build | Farm |
| 22:47 | Create | Villager (Male) |
| 22:50 | Build | Farm |
| 22:52 | Create | Villager (Male) ×2 |
| 23:03 | Create | Villager (Male) ×2 |
| 23:11 | Create | Villager (Male) |
| 23:15 | Create | Villager (Male) |
| 23:19 | Build | Farm |
| 23:23 | Create | Villager (Male) |
| 23:26 | Build | House |
| 23:26 | Build | House |
| 23:27 | Build | House |
| 23:29 | Create | Villager (Male) |
| 23:29 | Create | Villager (Male) |
| 23:41 | Create | Villager (Male) ×3 |
| 23:41 | Create | Villager (Male) ×3 |
| 23:48 | Build | Farm |
| 23:49 | Build | Farm |
| 23:52 | Create | Villager (Male) |
| 23:57 | Build | Farm |
| 24:02 | Build | Farm |
| 24:07 | Build | Farm |
| 24:08 | Create | Villager (Male) ×4 |
| 24:18 | Create | Villager (Male) ×2 |
| 24:23 | Build | House |
| 24:24 | Build | House |
| 24:27 | Create | Villager (Male) ×2 |
| 24:31 | Build | Farm |
| 24:33 | Build | Farm |
| 24:41 | Create | Villager (Male) ×4 |
| 24:49 | Research | Wheelbarrow |
| 24:50 | Create | Villager (Male) |
| 24:55 | Build | House |
| 24:56 | Build | House |
| 25:19 | Create | Villager (Male) ×5 |
| 25:26 | Build | Barracks |
| 25:34 | Create | Villager (Male) ×5 |
| 25:39 | Build | Farm |
| 26:14 | Research | Hand Cart |
| 26:15 | Create | Villager (Male) ×5 |
Build order — Simple Jack, u mad?
First 150 of 245 actions detected
| 0:00 | Create | Villager (Male) |
| 0:01 | Create | Villager (Male) |
| 0:01 | Create | Villager (Male) |
| 0:02 | Build | House |
| 0:03 | Build | House |
| 0:19 | Create | Villager (Male) |
| 0:19 | Create | Villager (Male) |
| 1:25 | Create | Villager (Male) |
| 1:44 | Build | Lumber Camp |
| 2:07 | Create | Villager (Male) |
| 2:15 | Create | Villager (Male) |
| 2:45 | Create | Villager (Male) |
| 2:45 | Create | Villager (Male) |
| 3:03 | Create | Villager (Male) |
| 3:03 | Create | Villager (Male) |
| 3:23 | Build | House |
| 3:24 | Build | House |
| 3:42 | Create | Villager (Male) |
| 3:54 | Create | Villager (Male) |
| 3:54 | Create | Villager (Male) |
| 4:32 | Create | Villager (Male) |
| 4:32 | Create | Villager (Male) |
| 4:45 | Create | Villager (Male) |
| 5:27 | Create | Villager (Male) |
| 5:28 | Create | Villager (Male) |
| 5:48 | Build | Mill |
| 5:50 | Create | Villager (Male) |
| 6:03 | Create | Villager (Male) |
| 6:45 | Build | Mill |
| 6:47 | Create | Villager (Male) |
| 7:22 | Build | House |
| 7:24 | Create | Villager (Male) |
| 7:35 | Create | Villager (Male) |
| 8:09 | Create | Villager (Male) |
| 8:13 | Build | Farm |
| 8:26 | Build | Mining Camp |
| 8:46 | Create | Villager (Male) |
| 9:11 | Research | Feudal Age |
| 9:47 | Build | Farm |
| 9:49 | Build | Farm |
| 9:54 | Build | Farm |
| 9:58 | Build | Farm |
| 10:43 | Build | Farm |
| 11:16 | Create | Villager (Male) |
| 11:23 | Age | Feudal Age |
| 11:25 | Build | Market |
| 11:27 | Build | Blacksmith |
| 11:28 | Create | Villager (Male) |
| 11:47 | Build | Farm |
| 11:52 | Build | Farm |
| 12:17 | Research | Castle Age |
| 12:23 | Build | House |
| 12:27 | Build | House |
| 12:28 | Build | House |
| 12:29 | Build | House |
| 13:39 | Research | Double-Bit Axe |
| 13:43 | Research | Horse Collar |
| 13:46 | Create | Villager (Male) |
| 14:32 | Create | Villager (Male) |
| 14:57 | Age | Castle Age |
| 14:59 | Build | Town Center |
| 15:01 | Create | Villager (Male) |
| 15:05 | Research | Bow Saw |
| 15:45 | Build | Lumber Camp |
| 16:02 | Create | Villager (Male) |
| 16:19 | Create | Villager (Male) |
| 16:48 | Create | Villager (Male) |
| 16:48 | Create | Villager (Male) |
| 16:49 | Create | Villager (Male) |
| 16:53 | Create | Villager (Male) |
| 17:17 | Build | Siege Workshop |
| 17:20 | Create | Villager (Male) |
| 17:29 | Build | Barracks |
| 17:31 | Research | Loom |
| 17:32 | Create | Villager (Male) |
| 17:32 | Create | Villager (Male) |
| 17:36 | Build | Farm |
| 17:41 | Build | Farm |
| 17:41 | Build | Farm |
| 17:56 | Research | Gold Mining |
| 17:57 | Create | Villager (Male) |
| 17:58 | Create | Villager (Male) |
| 18:12 | Create | Villager (Male) |
| 18:19 | Build | Farm |
| 18:22 | Build | Farm |
| 18:25 | Build | Farm |
| 18:25 | Build | Farm |
| 18:25 | Build | Farm |
| 18:26 | Build | Farm |
| 18:28 | Create | Villager (Male) |
| 18:29 | Create | Villager (Male) |
| 18:39 | Build | Stable |
| 18:43 | Create | Villager (Male) |
| 18:45 | Create | Villager (Male) |
| 18:52 | Build | Farm |
| 18:53 | Build | Farm |
| 18:54 | Build | Farm |
| 19:05 | Build | House |
| 19:14 | Create | Battering Ram |
| 19:18 | Create | Villager (Male) |
| 19:20 | Create | Villager (Male) |
| 19:27 | Build | Farm |
| 19:30 | Build | Farm |
| 19:33 | Create | Villager (Male) |
| 19:38 | Create | Knight |
| 19:39 | Create | Knight |
| 19:50 | Create | Villager (Male) |
| 19:52 | Create | Villager (Male) |
| 20:10 | Create | Knight |
| 20:18 | Create | Villager (Male) |
| 20:33 | Build | Stable |
| 20:40 | Create | Villager (Male) |
| 20:41 | Create | Villager (Male) |
| 20:53 | Create | Battering Ram |
| 20:55 | Build | House |
| 21:07 | Create | Villager (Male) |
| 21:08 | Create | Villager (Male) |
| 21:09 | Create | Villager (Male) |
| 21:09 | Create | Villager (Male) |
| 21:21 | Build | House |
| 21:21 | Build | House |
| 21:22 | Build | House |
| 21:23 | Build | House |
| 21:24 | Build | House |
| 21:50 | Create | Villager (Male) |
| 21:50 | Create | Villager (Male) |
| 21:51 | Create | Villager (Male) |
| 21:51 | Create | Villager (Male) |
| 21:57 | Create | Battering Ram |
| 22:10 | Create | Villager (Male) |
| 22:10 | Create | Villager (Male) |
| 22:10 | Create | Villager (Male) |
| 22:11 | Create | Villager (Male) |
| 22:18 | Build | House |
| 22:23 | Build | Town Center |
| 22:30 | Create | Knight |
| 22:31 | Create | Knight |
| 22:31 | Create | Knight |
| 22:52 | Create | Villager (Male) |
| 22:52 | Create | Villager (Male) |
| 22:53 | Create | Villager (Male) |
| 22:53 | Create | Villager (Male) |
| 22:57 | Create | Knight |
| 22:57 | Create | Knight |
| 23:19 | Create | Knight |
| 23:19 | Create | Knight |
| 23:27 | Create | Battering Ram |
| 23:38 | Build | House |
| 23:39 | Build | House |
| 23:48 | Create | Battering Ram |
Build order — Zaissi
First 150 of 219 actions detected
| 0:01 | Create | Villager (Male) ×5 |
| 0:02 | Build | House |
| 0:05 | Build | House |
| 0:07 | Build | House |
| 1:26 | Create | Villager (Male) |
| 1:54 | Build | Lumber Camp |
| 2:27 | Create | Villager (Male) |
| 2:28 | Create | Villager (Male) |
| 2:56 | Build | House |
| 3:01 | Build | House |
| 3:01 | Build | House |
| 3:02 | Build | House |
| 3:02 | Build | House |
| 3:02 | Build | House |
| 3:14 | Create | Villager (Male) |
| 3:15 | Create | Villager (Male) |
| 3:28 | Build | House |
| 3:46 | Create | Villager (Male) |
| 3:47 | Create | Villager (Male) |
| 4:02 | Create | Villager (Male) |
| 4:02 | Create | Villager (Male) |
| 4:14 | Build | House |
| 4:54 | Create | Villager (Male) |
| 4:55 | Create | Villager (Male) |
| 4:55 | Create | Villager (Male) |
| 5:25 | Build | Mill |
| 5:40 | Create | Villager (Male) |
| 5:40 | Create | Villager (Male) |
| 5:41 | Create | Villager (Male) |
| 6:17 | Build | Mill |
| 6:51 | Create | Villager (Male) |
| 7:17 | Create | Villager (Male) |
| 7:36 | Create | Villager (Male) |
| 7:48 | Create | Villager (Male) |
| 7:49 | Create | Villager (Male) |
| 8:06 | Create | Villager (Male) |
| 8:10 | Research | Feudal Age |
| 9:32 | Build | Farm |
| 9:32 | Build | Farm |
| 9:32 | Build | Farm |
| 9:32 | Build | Farm |
| 9:33 | Build | Farm |
| 9:33 | Build | Farm |
| 9:33 | Build | Farm |
| 9:33 | Build | Farm |
| 9:40 | Build | Farm |
| 10:00 | Create | Villager (Male) ×5 |
| 10:32 | Age | Feudal Age |
| 10:37 | Research | Horse Collar |
| 11:07 | Build | House |
| 11:09 | Build | Market |
| 11:09 | Build | Market |
| 11:11 | Build | House |
| 11:21 | Build | Farm |
| 11:51 | Build | Blacksmith |
| 11:54 | Build | House |
| 11:54 | Build | House |
| 11:55 | Build | House |
| 12:04 | Create | Villager (Male) |
| 12:06 | Build | Farm |
| 12:09 | Build | Farm |
| 12:14 | Build | Farm |
| 12:15 | Build | Farm |
| 12:16 | Build | Farm |
| 12:42 | Create | Villager (Male) |
| 12:47 | Build | Farm |
| 12:54 | Build | Farm |
| 13:09 | Create | Villager (Male) |
| 13:11 | Build | Farm |
| 13:29 | Create | Villager (Male) |
| 13:40 | Create | Villager (Male) |
| 14:31 | Research | Castle Age |
| 16:43 | Create | Villager (Male) |
| 16:57 | Age | Castle Age |
| 17:02 | Build | Town Center |
| 17:16 | Research | Wheelbarrow |
| 17:20 | Build | Town Center |
| 17:51 | Build | House |
| 17:52 | Build | House |
| 17:52 | Build | House |
| 17:52 | Build | House |
| 17:53 | Build | House |
| 17:58 | Build | Monastery |
| 18:11 | Create | Villager (Male) ×5 |
| 18:28 | Create | Villager (Male) ×5 |
| 18:37 | Create | Villager (Male) ×5 |
| 18:54 | Create | Monk |
| 18:57 | Build | Farm |
| 18:57 | Build | Farm |
| 19:11 | Build | Lumber Camp |
| 19:35 | Build | Farm |
| 19:37 | Create | Villager (Male) ×5 |
| 19:44 | Build | Farm |
| 19:45 | Build | Farm |
| 19:46 | Build | Farm |
| 19:47 | Build | Farm |
| 19:50 | Build | Farm |
| 19:50 | Build | Farm |
| 19:51 | Build | Farm |
| 19:52 | Build | Farm |
| 20:04 | Build | Farm |
| 20:06 | Build | Farm |
| 20:28 | Create | Villager (Male) ×5 |
| 20:30 | Build | Farm |
| 20:31 | Build | Farm |
| 20:42 | Build | Mining Camp |
| 21:02 | Create | Villager (Male) ×5 |
| 21:10 | Build | Farm |
| 21:11 | Build | Farm |
| 21:11 | Build | Farm |
| 21:11 | Build | Farm |
| 21:13 | Build | Farm |
| 21:14 | Build | Farm |
| 21:16 | Build | Farm |
| 21:29 | Create | Villager (Male) ×5 |
| 21:53 | Build | Mining Camp |
| 22:03 | Create | Villager (Male) ×5 |
| 22:07 | Build | Mining Camp |
| 22:32 | Build | Farm |
| 22:33 | Build | Farm |
| 22:35 | Build | Farm |
| 22:36 | Build | Mill |
| 22:37 | Build | Farm |
| 22:38 | Build | Farm |
| 22:41 | Build | Farm |
| 22:56 | Build | House |
| 22:56 | Build | House |
| 22:56 | Build | House |
| 22:57 | Build | House |
| 22:58 | Build | House |
| 22:58 | Build | House |
| 22:58 | Build | House |
| 22:59 | Build | House |
| 22:59 | Build | House |
| 22:59 | Build | House |
| 23:00 | Build | House |
| 23:01 | Build | House |
| 23:01 | Build | House |
| 23:01 | Build | House |
| 23:01 | Build | House |
| 23:02 | Build | House |
| 23:02 | Build | House |
| 23:03 | Build | House |
| 23:03 | Build | House |
| 23:05 | Create | Villager (Male) ×5 |
| 23:10 | Research | Hand Cart |
| 23:13 | Research | Loom |
| 23:15 | Research | Town Watch |
| 23:16 | Create | Villager (Male) ×5 |
| 23:17 | Create | Villager (Male) ×5 |
Build order — adrenalin2057
132 actions detected in the replay
| 0:01 | Create | Villager (Male) |
| 0:02 | Create | Villager (Male) |
| 0:03 | Build | House |
| 0:05 | Build | House |
| 0:06 | Create | Villager (Male) |
| 0:06 | Create | Villager (Male) |
| 0:06 | Create | Villager (Male) |
| 1:46 | Build | Lumber Camp |
| 1:50 | Create | Villager (Male) |
| 1:50 | Create | Villager (Male) |
| 2:09 | Create | Villager (Male) |
| 2:10 | Create | Villager (Male) |
| 2:42 | Create | Villager (Male) |
| 2:43 | Create | Villager (Male) |
| 2:48 | Create | Villager (Male) |
| 3:08 | Create | Villager (Male) |
| 3:14 | Build | House |
| 3:15 | Build | House |
| 3:40 | Create | Villager (Male) |
| 3:40 | Create | Villager (Male) |
| 4:05 | Create | Villager (Male) |
| 4:16 | Create | Villager (Male) |
| 5:03 | Create | Villager (Male) |
| 5:03 | Create | Villager (Male) |
| 5:28 | Create | Villager (Male) |
| 5:28 | Create | Villager (Male) |
| 5:39 | Build | Mill |
| 6:30 | Build | Mill |
| 6:50 | Create | Villager (Male) |
| 7:16 | Create | Villager (Male) |
| 7:16 | Create | Villager (Male) |
| 8:09 | Create | Villager (Male) |
| 8:12 | Create | Villager (Male) |
| 8:31 | Build | Mining Camp |
| 8:59 | Research | Feudal Age |
| 11:08 | Create | Villager (Male) |
| 11:09 | Create | Villager (Male) |
| 11:09 | Age | Feudal Age |
| 11:14 | Build | House |
| 11:29 | Build | Market |
| 11:36 | Build | Blacksmith |
| 12:06 | Build | Mining Camp |
| 12:21 | Research | Castle Age |
| 12:41 | Research | Double-Bit Axe |
| 12:47 | Build | House |
| 12:48 | Build | House |
| 13:34 | Research | Loom |
| 14:55 | Research | Horse Collar |
| 14:58 | Create | Villager (Male) |
| 14:58 | Create | Villager (Male) |
| 15:02 | Age | Castle Age |
| 15:06 | Build | Farm |
| 15:06 | Build | Farm |
| 15:07 | Build | Farm |
| 15:08 | Build | Farm |
| 16:31 | Build | Castle |
| 16:50 | Create | Villager (Male) |
| 16:50 | Create | Villager (Male) |
| 16:53 | Build | Farm |
| 16:55 | Build | Farm |
| 17:04 | Build | Lumber Camp |
| 17:10 | Build | Farm |
| 17:11 | Build | Farm |
| 17:11 | Build | Farm |
| 17:19 | Build | Farm |
| 17:22 | Build | Farm |
| 17:36 | Create | Janissary |
| 17:36 | Create | Janissary |
| 18:25 | Create | Janissary |
| 18:25 | Create | Janissary |
| 18:31 | Build | Farm |
| 18:34 | Create | Villager (Male) |
| 18:57 | Create | Villager (Male) |
| 19:12 | Build | Farm |
| 19:15 | Create | Villager (Male) |
| 19:18 | Create | Janissary |
| 19:53 | Create | Janissary |
| 19:53 | Create | Janissary |
| 20:15 | Build | Town Center |
| 20:22 | Build | Farm |
| 20:26 | Build | Farm |
| 20:31 | Build | Farm |
| 20:33 | Create | Villager (Male) |
| 20:33 | Create | Villager (Male) |
| 20:51 | Create | Janissary |
| 20:51 | Create | Janissary |
| 21:52 | Create | Janissary |
| 21:52 | Create | Janissary |
| 21:52 | Create | Janissary |
| 21:56 | Create | Villager (Male) |
| 21:56 | Create | Villager (Male) |
| 21:56 | Create | Villager (Male) |
| 22:26 | Create | Janissary |
| 22:26 | Create | Janissary |
| 22:29 | Create | Villager (Male) |
| 22:30 | Create | Villager (Male) |
| 22:35 | Build | Farm |
| 22:39 | Create | Villager (Male) |
| 22:39 | Create | Villager (Male) |
| 22:52 | Build | Farm |
| 22:53 | Build | Farm |
| 22:57 | Build | Farm |
| 24:09 | Create | Janissary |
| 24:09 | Create | Janissary |
| 24:13 | Create | Janissary |
| 24:15 | Create | Villager (Male) |
| 24:15 | Create | Villager (Male) |
| 25:16 | Create | Janissary |
| 25:16 | Create | Janissary |
| 25:21 | Research | Wheelbarrow |
| 25:27 | Create | Villager (Male) |
| 25:27 | Create | Villager (Male) |
| 25:37 | Build | Farm |
| 25:37 | Build | Farm |
| 25:38 | Build | Farm |
| 25:38 | Build | Farm |
| 26:57 | Create | Janissary |
| 26:57 | Create | Janissary |
| 26:57 | Create | Janissary |
| 28:07 | Create | Janissary |
| 28:07 | Create | Janissary |
| 28:07 | Create | Janissary |
| 28:11 | Research | Imperial Age |
| 28:26 | Create | Janissary |
| 28:27 | Create | Janissary |
| 29:57 | Create | Janissary |
| 29:57 | Create | Janissary |
| 29:58 | Create | Janissary |
| 29:58 | Create | Janissary |
| 30:03 | Create | Villager (Male) |
| 30:03 | Create | Villager (Male) |
| 30:03 | Create | Villager (Male) |
Match timeline
| 2:13 | YOGRANNYCANTSCRAP · wall_segment Palisade Wall x1 |
| 2:24 | YOGRANNYCANTSCRAP · wall_segment Palisade Wall x1 |
| 2:31 | YOGRANNYCANTSCRAP · wall_segment Palisade Wall x1 |
| 2:36 | YOGRANNYCANTSCRAP · wall_segment Palisade Wall x1 |
| 2:38 | YOGRANNYCANTSCRAP · wall_segment Palisade Wall x1 |
| 2:43 | YOGRANNYCANTSCRAP · wall_segment Palisade Wall x1 |
| 3:22 | YOGRANNYCANTSCRAP · wall_segment Palisade Wall x1 |
| 3:39 | YOGRANNYCANTSCRAP · wall_segment Palisade Wall x1 |
| 3:44 | YOGRANNYCANTSCRAP · wall_segment Palisade Wall x1 |
| 3:47 | YOGRANNYCANTSCRAP · wall_segment Palisade Wall x1 |
| 3:51 | YOGRANNYCANTSCRAP · wall_segment Palisade Wall x1 |
| 3:59 | YOGRANNYCANTSCRAP · wall_segment Palisade Wall x1 |
| 4:04 | YOGRANNYCANTSCRAP · wall_segment Palisade Wall x1 |
| 4:07 | YOGRANNYCANTSCRAP · wall_segment Palisade Wall x1 |
| 4:09 | YOGRANNYCANTSCRAP · wall_segment Palisade Wall x1 |
| 10:32 | Zaissi · age_up feudal |
| 10:56 | DaniwA · age_up feudal |
| 11:04 | PZ|ReDw1nG · age_up feudal |
| 11:09 | adrenalin2057 · age_up feudal |
| 11:11 | Simple Mike, u jelly? · age_up feudal |
| 11:22 | WtfPablo · age_up feudal |
| 11:23 | Simple Jack, u mad? · age_up feudal |
| 12:17 | WtfPablo · first_market_sell 100 wood |
| 12:18 | WtfPablo · first_market_buy 100 food |
| 12:42 | YOGRANNYCANTSCRAP · age_up feudal |
| 13:32 | Zaissi · first_market_sell 100 wood |
| 14:57 | Simple Jack, u mad? · age_up castle |
| 15:02 | adrenalin2057 · age_up castle |
| 15:13 | PZ|ReDw1nG · age_up castle |
| 15:15 | WtfPablo · age_up castle |
| 15:23 | WtfPablo · first_building Monastery |
| 15:49 | Simple Mike, u jelly? · age_up castle |
| 16:24 | YOGRANNYCANTSCRAP · age_up castle |
| 16:31 | DaniwA · age_up castle |
| 16:31 | adrenalin2057 · first_building Castle |
| 16:57 | Zaissi · age_up castle |
| 17:02 | YOGRANNYCANTSCRAP · first_market_buy 100 stone |
| 17:14 | PZ|ReDw1nG · first_building Castle |
| 17:16 | YOGRANNYCANTSCRAP · first_building Castle |
| 17:17 | Simple Jack, u mad? · first_building Siege Workshop |
| 17:29 | Simple Jack, u mad? · first_building Barracks |
| 17:30 | DaniwA · first_building Castle |
| 17:49 | DaniwA · wall_segment Stone Wall x2 |
| 17:58 | Zaissi · first_building Monastery |
| 18:19 | DaniwA · first_market_buy 100 food |
| 18:39 | Simple Jack, u mad? · first_building Stable |
| 18:42 | DaniwA · wall_segment Stone Wall x4 |
| 18:59 | DaniwA · first_market_sell 100 wood |
| 19:19 | PZ|ReDw1nG · wall_segment Stone Wall x5 |
| 19:36 | PZ|ReDw1nG · wall_segment Stone Wall x1 |
| 19:39 | DaniwA · wall_segment Stone Wall x1 |
| 20:24 | PZ|ReDw1nG · first_building Siege Workshop |
| 21:40 | DaniwA · age_up imperial |
| 22:30 | WtfPablo · first_building Barracks |
| 23:55 | Zaissi · first_building Barracks |
| 25:26 | Simple Mike, u jelly? · first_building Barracks |
| 25:55 | PZ|ReDw1nG · wall_segment Stone Wall x8 |
| 26:03 | PZ|ReDw1nG · wall_segment Stone Wall x7 |
| 26:08 | YOGRANNYCANTSCRAP · resign |
| 26:33 | WtfPablo · first_building Castle |
| 26:35 | Simple Mike, u jelly? · first_building Stable |
| 26:47 | WtfPablo · first_building Archery Range |
| 26:49 | WtfPablo · first_building Stable |
| 27:05 | Zaissi · first_building Castle |
| 28:37 | Simple Mike, u jelly? · first_building Castle |
| 28:50 | WtfPablo · first_building Siege Workshop |
| 28:52 | Zaissi · first_market_buy 500 stone |
| 28:54 | Zaissi · age_up imperial |
| 29:03 | WtfPablo · age_up imperial |
[ AI ANALYSIS · 1 CREDIT ]
What really happened in this match?
Wolo.gg analyzes every decision: build order, eco, micro, common mistakes by bracket. Personalized analysis on WhatsApp or Discord in 30 seconds.
Civ guide
Turks
Map guide
Arena
Perfil
Jugador #434331